 Dungeon Crawl Stone Soup version 0.27-a0-1196-g3e9cee4cb2 (webtiles) character file.

Game seed: 13654920599879350842

3790 Glokmah the Basher (level 10, -4/53 HPs)
             Began as a Vine Stalker Artificer on May 28, 2021.
             Was a Priest of Sif Muna.
             Slain by a hornet (8 damage)
             ... while paralysed by a hornet
             ... on level 8 of the Dungeon.
             The game lasted 00:19:52 (7703 turns).

Glokmah the Basher (Vine Stalker Artificer)         Turns: 7703, Time: 00:19:53

Health: -4/53      AC:  8    Str: 16    XL:     10   Next: 16%
Magic:  0/18       EV:  2    Int: 12    God:    Sif Muna [***...]
Gold:   422        SH:  0    Dex: 16    Spells: 19/19 levels left

rFire    . . .     SeeInvis +   a - +5 whip (elec)
rCold    . . .     Faith    +   (no shield)
rNeg     . . .     Spirit   +   o - +0 troll leather armour
rPois    .         Reflect  .   x - +0 helmet {SInv}
rElec    .         Harm     .   g - scarf {shadows}
rCorr    .         Rampage  .   t - +1 pair of gloves
Will     +....                  w - +0 pair of boots
Stlth    ++........             K - amulet of faith
HPRegen  2.17/turn              p - ring of flight
MPRegen  0.16/turn              (no ring)

@: paralysed, lethally poisoned (-4 -> -5), flying, slowed, studying Maces &
Flails
A: fangs 3, regeneration 1, magic shield, antimagic bite, no potion heal 2
a: Renounce Religion, Channel Magic, Forget Spell


You were on level 8 of the Dungeon.
You worshipped Sif Muna.
Sif Muna was most pleased with you.
You visited 1 branch of the dungeon, and saw 8 of its levels.
You also visited: Ossuary.

You collected 422 gold pieces.

Inventory:

Hand Weapons
 a - a +5 whip of electrocution (weapon)
Missiles
 f - 234 stones
 i - 3 boomerangs of dispersal
 m - 27 poisoned darts
 q - 3 curare-tipped darts
 F - 7 javelins
Armour
 g - a scarf of shadows (worn)
 o - a +0 troll leather armour (worn)
 t - a +1 pair of gloves (worn)
 w - a +0 pair of boots (worn)
 x - a +0 helmet of see invisible (worn)
 H - a +0 buckler
Jewellery
 p - a ring of flight (left hand)
 K - an amulet of faith (around neck)
Wands
 c - a wand of flame (24) (quivered)
 d - a wand of charming (14)
 l - a wand of iceblast (10)
 A - a wand of mindburst (17)
 J - a wand of paralysis (20)
Scrolls
 b - a scroll of acquirement
 y - a scroll of identify
 E - a scroll of summoning {unknown}
 G - 2 scrolls of amnesia
 L - a scroll of brand weapon
Potions
 h - 4 potions of curing
 j - 2 potions of resistance {unknown}
 k - 2 potions of flight
 n - 3 potions of attraction
 r - a potion of invisibility {unknown}
 s - 3 potions of mutation
 u - 2 potions of lignification
 v - 4 potions of heal wounds {unknown}
 z - 2 potions of haste
 B - a potion of might {unknown}
 C - a potion of berserk rage {unknown}
 D - a potion of degeneration {unknown}
 I - a potion of magic {unknown}
Miscellaneous
 e - a piece from Xom's chessboard (15/15)


   Skills:
 + Level 5.9 Fighting
 * Level 10.7 Maces & Flails
 - Level 1.5 Armour
 - Level 0.7 Dodging
 - Level 2.1 Stealth
 + Level 5.2 Spellcasting
 + Level 5.2 Invocations
 - Level 5.0 Evocations


You had 19 spell levels left.
You didn't know any spells.
Your spell library contained the following spells:

 Spells                   Type           Power      Damage    Failure   Level
 Apportation              Tloc           6%         N/A       24%         1
 Lesser Beckoning         Tloc           1%         N/A       58%         3
 Tukima's Dance           Hex            3%         N/A       58%         3
 Alistair's Intoxication  Tmut/Pois      2%         N/A       100%        5
 Invisibility             Hex            3%         N/A       100%        6


Dungeon Overview and Level Annotations

Branches:
Dungeon (8/15)             Temple (0/1) D:4         Ossuary (visited)
   Lair: D:8-11

Altars:
Ashenzari
Cheibriados
Dithmenos
Elyvilon
Gozag
Hepliaklqana
Makhleb
Ru
Sif Muna
Trog
Vehumet
Zin

Shops:
D:5 [   D:8 (


Innate Abilities, Weirdness & Mutations

You have razor-sharp teeth.
Your natural rate of healing is unusually fast.
When hurt, damage is shared between your health and your magic reserves.
Your bite disrupts and absorbs the magic of your enemies.
Potions cannot restore your health.


Message History

You closely miss the hornet.
The hornet is moderately wounded.
You feel yourself speed up. The hornet stings you.
You are poisoned.
You feel yourself slow down.
You hit the hornet but do no damage. Your bite misses the hornet.
The hornet is moderately wounded.
You feel very sick. The hornet barely misses you. The hornet stings you.
You are more poisoned.
You feel as though you will be slow longer.
You barely miss the hornet. Your bite misses the hornet.
The hornet is moderately wounded.
You feel very sick. The hornet stings you!
You feel as though you will be slow longer.
You hit the hornet but do no damage. Lightning courses through the hornet!
The hornet is heavily wounded.
You feel sick. The hornet stings you.
You are more poisoned.
You feel as though you will be slow longer.
You hit the hornet.
The hornet is severely wounded.
You feel very sick. The hornet stings you!
* * * LOW HITPOINT WARNING * * *
You are more poisoned.
You feel as though you will be slow longer.
Your system rejects the healing.
You feel better.
The hornet stings you but does no damage.
The hornet stings you.
* * * LOW HITPOINT WARNING * * *
You are poisoned.
You suddenly lose the ability to move!
The hornet stings you!
* * * LOW HITPOINT WARNING * * *
You feel as though you will be slow longer.
You feel very sick. The hornet stings you!
You die...

.................
.................
.............##########
.............#
.............#
.............#
.............#
[....y.......#
......@......#
.............#
.............#
.........#####
.........# .........#
.........# ........#
........


You could see a hornet.

Vanquished Creatures
  A troll (D:5)
  Prince Ribbit (D:5)
  Sigmund (D:3)
  A yak (D:5)
  Eustachio (D:5)
  Menkaure (D:7)
  An acid dragon (D:8)
  A hornet zombie (D:8)
  A sky beast (D:6)
  An ice beast (D:5)
  2 ogres
  A phantom (D:6)
  A kobold brigand (D:8)
  4 bullfrogs
  6 scorpions
  8 wights
  A howler monkey (D:7)
  2 centaur zombies
  3 human zombies (Ossuary)
  A bullfrog skeleton (D:6)
  2 centaur skeletons
  2 hounds
  5 orc priests
  7 iguanas
  2 scorpion zombies (Ossuary)
  5 orc wizards
  A killer bee zombie (D:7)
  A hound zombie (D:5)
  3 mummies (Ossuary)
  3 howler monkey skeletons
  3 gnolls (D:8)
  8 adders
  3 shadow imps
  2 white imps
  3 dart slugs
  18 orcs
  6 ball pythons
  5 bats
  8 endoplasms
  3 giant cockroaches
  2 gnoll zombies (Ossuary)
  5 goblins
  6 hobgoblins
  6 jackals
  6 kobolds
  6 quokkas
  2 frilled lizards
  7 goblin zombies (Ossuary)
  4 hobgoblin zombies (Ossuary)
  A kobold zombie (Ossuary)
  4 orc zombies (Ossuary)
  6 rats
184 creatures vanquished.

Vanquished Creatures (others)
  A plant (D:8)
1 creature vanquished.

Grand Total: 185 creatures vanquished

Notes
Turn   | Place    | Note
-------+----------+-------------------------------------------
     0 | D:1      | Glokmah the Vine Stalker Artificer began the quest for the
                  | Orb.
     0 | D:1      | Reached XP level 1. HP: 9/9 MP: 2/2
    25 | D:1      | Reached skill level 1 in Fighting
   118 | D:1      | Reached XP level 2. HP: 8/14 MP: 1/3
   667 | D:1      | Reached XP level 3. HP: 2/18 MP: 1/4
  2150 | D:2      | Reached skill level 1 in Maces & Flails
  2498 | D:2      | Gained mutation: Your natural rate of healing is unusually
                  | fast. [Vine Stalker growth]
  2498 | D:2      | Reached XP level 4. HP: 23/23 MP: 3/5
  3156 | D:3      | Reached XP level 5. HP: 26/26 MP: 6/6
  3177 | D:3      | Noticed Sigmund
  3231 | D:3      | Killed Sigmund
  3232 | D:3      | Reached skill level 2 in Maces & Flails
  3232 | D:3      | Reached XP level 6. HP: 7/32 MP: 0/7
  3369 | D:3      | Found a white marble altar of Elyvilon.
  3370 | D:3      | Found a radiant altar of Vehumet.
  3381 | D:3      | Reached skill level 3 in Maces & Flails
  3392 | D:3      | Found a shimmering blue altar of Sif Muna.
  3543 | D:3      | Became a worshipper of Sif Muna the Loreminder
  3841 | D:4      | Reached skill level 5 in Evocations
  3841 | D:4      | Reached XP level 7. HP: 8/36 MP: 2/8
  4003 | D:4      | Found a staircase to the Ecumenical Temple.
  4364 | D:5      | Entered Level 5 of the Dungeon
  4371 | D:5      | Identified a scroll of acquirement
  4371 | D:5      | Acquired a manual of Maces & Flails
  4396 | D:5      | Reached skill level 4 in Maces & Flails
  4481 | D:5      | Found Kisujuaj's Armour Emporium.
  4575 | D:5      | Reached skill level 1 in Spellcasting
  4575 | D:5      | Reached skill level 1 in Invocations
  4607 | D:5      | Reached skill level 5 in Maces & Flails
  4623 | D:5      | Noticed a yak
  4633 | D:5      | Killed a yak
  4634 | D:5      | Gained mutation: You have razor-sharp teeth. [Vine Stalker
                  | growth]
  4634 | D:5      | Reached XP level 8. HP: 42/42 MP: 9/11
  4651 | D:5      | Noticed a troll
  4654 | D:5      | Killed a troll
  4655 | D:5      | Reached skill level 6 in Maces & Flails
  4811 | D:5      | Noticed Prince Ribbit
  4825 | D:5      | Killed Prince Ribbit
  4847 | D:5      | Found a broken altar of Ashenzari.
  4875 | D:5      | Noticed Eustachio
  4890 | D:5      | Killed Eustachio
  4890 | D:5      | Reached * piety under Sif Muna
  4891 | D:5      | Reached skill level 7 in Maces & Flails
  5233 | D:6      | Reached XP level 9. HP: 46/46 MP: 14/14
  5396 | D:6      | Reached skill level 8 in Maces & Flails
  5557 | D:6      | Found a burning altar of Makhleb.
  5857 | D:6      | Reached skill level 5 in Fighting
  6068 | D:7      | Reached skill level 9 in Maces & Flails
  6148 | D:7      | Noticed Menkaure
  6162 | D:7      | Killed Menkaure
  6274 | D:7      | Reached ** piety under Sif Muna
  6334 | D:7      | Found a sand-covered staircase.
  6338 | Ossuary  | Entered an ossuary
  6730 | D:7      | Reached skill level 10 in Maces & Flails
  6798 | D:7      | Found a shadowy altar of Dithmenos.
  6835 | D:7      | Reached *** piety under Sif Muna
  6893 | D:7      | Found a snail-covered altar of Cheibriados.
  6894 | D:7      | Found a hazy altar of Hepliaklqana.
  7250 | D:8      | Reached XP level 10. HP: 53/53 MP: 16/18
  7320 | D:8      | Reached skill level 5 in Invocations
  7330 | D:8      | Reached skill level 5 in Spellcasting
  7337 | D:8      | Found a glowing silver altar of Zin.
  7384 | D:8      | Found an opulent altar of Gozag.
  7387 | D:8      | Found a sacrificial altar of Ru.
  7390 | D:8      | Found a bloodstained altar of Trog.
  7436 | D:8      | Found Lodi's Hydra Hut.
  7442 | D:8      | Noticed an eight-headed hydra
  7702 | D:8      | Paralysed by a hornet for 3 turns
  7703 | D:8      | Slain by a hornet

Illustrated notes

Levels and vault maps discovered:
D:1:      zaba_arrival_water, layout_basic
D:2:      layout_basic
D:3:      layout_basic, chequers_temple_overflow_statue_of_worship, uniq_sigmund
D:4:      layout_loops_ring, minmay_temple_entry_hall
D:5:      layout_rooms, old_standard_altar, serial_shops, shop,
          minmay_misc_feat_x, grunt_decor_cap, minmay_small_thing,
          uniq_eustachio, uniq_prince_ribbit1
D:6:      layout_loops_ring, nicolae_overflow_hidden_temple,
          minmay_fractal_squares_gapless_5
D:7:      layout_loops_ring, amcnicky_altar_gilded, grunt_temple_overflow_open,
          enter_ossuary_5, uniq_menkaure
D:8:      layout_gridville, grunt_temple_overflow_cloverleaf,
          lemuel_mausoleum_altar_kikubaaqudgha, doesnt_shop_hydraphobe

Skill      XL: |  1  2  3  4  5  6  7  8  9 10 |
---------------+-------------------------------+-----
Fighting       | 1 2 3 4 5 |  5.9
Evocations     | 3 4 5 |  5.0
Stealth        | 2 |  2.1
Maces & Flails | 1 2 3 5 7 10 | 10.7
Spellcasting   | 1 3 4 5 |  5.2
Invocations    | 1 3 4 5 |  5.2
Armour         | |  1.5
Dodging        | |  0.7

Action                   |  1- 3 |  4- 6 |  7- 9 | 10-12 || total
-------------------------+-------+-------+-------+-------++-------
Melee: Club              |    20 |       |       |       ||    20
       Bite              |    23 |    19 |    96 |    16 ||   154
       Short sword       |    17 |       |       |       ||    17
       Whip              |    55 |   104 |   308 |    71 ||   538
Invok: Channel Magic     |       |       |       |     1 ||     1
Evoke: Wand              |     6 |     8 |       |       ||    14
       Piece from Xom's  |     2 |       |       |       ||     2
  Use: Scroll            |       |       |    22 |     1 ||    23
       Potion            |       |       |       |     1 ||     1
 Stab: Sleeping          |     2 |     2 |     4 |       ||     8
Armor: Leather armour    |    30 |       |       |       ||    30
       Ring mail         |       |    40 |    14 |       ||    54
       Troll leather arm |       |       |    60 |    19 ||    79
Dodge: Dodged            |    66 |    45 |   100 |    37 ||   248

Table legend: (Time is in decaauts)
 A = Elapsed time spent in this place.
 B = Non-inter-level travel time spent in this place.
 C = Inter-level travel time spent in this place.
 D = Time resting spent in this place.
 E = Time spent auto-exploring this place.
 F = Levels seen in this place.
 G = Mean time per level.
                   A        B        C        D        E       F      G
               +--------+--------+--------+--------+--------+-----+--------+
         Total |   7603 |   7105 |    498 |    921 |   4228 |   9 |  844.8 |
       Dungeon |   7312 |   6814 |    498 |    921 |   4218 |   8 |  914.0 |
       Ossuary |    291 |    291 |      0 |      0 |     10 |   1 |  291.0 |
               +--------+--------+--------+--------+--------+-----+--------+

Top non-repeatable levels by time:
     D:1: 1588 daAuts
     D:2: 1393 daAuts
     D:6: 846 daAuts
     D:7: 812 daAuts
     D:5: 810 daAuts
     D:4: 745 daAuts
     D:3: 664 daAuts
     D:8: 451 daAuts
 Ossuary: 291 daAuts
